 Dungeon Crawl Stone Soup version 0.17.1-3-g152610e (webtiles) character file.

17433 Stendarr the Thaumaturge (level 12, -8/105 HPs)
             Began as a Troll Fire Elementalist on Apr 18, 2016.
             Was a High Priest of Sif Muna.
             Mangled by a white ugly thing (35 damage)
             ... on level 12 of the Dungeon.
             The game lasted 00:55:01 (14371 turns).

Stendarr the Thaumaturge (Troll Fire Elementalist) Turns: 14371, Time: 00:55:02

Health: -8/105     AC:  7    Str: 19      XL:     12   Next: 18%
Magic:  19/32      EV: 11    Int: 13 (15) God:    Sif Muna [*****.]
Gold:   644        SH:  0    Dex: 10      Spells: 5 memorised, 13 levels left

rFire  + . .     SeeInvis .     U - staff of energy
rCold  . . .     Clarity  +     x - +2 robe {rF+}
rNeg   . . .     SustAt   .     (no shield)
rPois  +         Gourm    +     (helmet restricted)
rElec  .         Spirit   .     i - +0 cloak
rCorr  .         Warding  .     (gloves unavailable)
rMut   .         Stasis   .     (boots unavailable)
MR     .....                    u - amulet of regeneration
Stlth  +.........               S - ring of poison resistance
                                K - ring of magical power

@: not resistant to hostile enchantments, very unstealthy
A: unfitting armour, claws 3, clarity, deformed body, fast metabolism 3,
gourmand, sense surroundings 1, regeneration 2, shaggy fur 1, tough skin 2,
MP-powered wands
a: Channel Energy, Forget Spell, Renounce Religion


You were on level 12 of the Dungeon.
You worshipped Sif Muna.
Sif Muna was extremely pleased with you.
You were very hungry.

You visited 2 branches of the dungeon, and saw 13 of its levels.

You collected 644 gold pieces.

Inventory:

Hand Weapons
 g - a +5 quarterstaff of flaming
 p - the +4 dire flail of the Ghost {crush, +Blink rPois rF- Int-2}
   (You found it on level 5 of the Dungeon)

   It inflicts extra damage upon your enemies.
   It affects your intelligence (-2).
   It makes you vulnerable to fire.
   It protects you from poison.
   It lets you blink.
Missiles
 Y - 19 poisoned needles
Armour
 i - a +0 cloak (worn)
 v - a mottled dragon hide
 x - a +2 robe of fire resistance (worn)
 D - a +1 robe of magic resistance
 T - a +2 robe of cold resistance
Magical Staves
 U - an uncursed staff of energy (weapon)
Jewellery
 b - an uncursed amulet of stasis
 m - an uncursed ring of stealth
 u - an amulet of regeneration (around neck)
 K - a ring of magical power (left claw)
 S - a ring of poison resistance (right claw)
Wands
 d - a wand of polymorph (1)
 j - a wand of frost (19)
 k - a wand of lightning (11)
 o - a wand of heal wounds (3)
 q - a wand of draining (5)
 y - a wand of frost (28)
 J - a wand of magic darts (28)
 M - a wand of cold (9)
 Q - a wand of cold (12)
 R - a wand of fireball (4)
 V - a wand of disintegration (16)
Scrolls
 a - a scroll of teleportation
 h - a scroll of silence
 l - a scroll of enchant armour {unknown}
 t - 7 scrolls of remove curse
 H - 2 scrolls of fear
 I - a scroll of identify
 L - a scroll of amnesia
 N - a scroll of blinking
 P - a scroll of recharging
 Z - a scroll of fog {unknown}
Potions
 e - 6 potions of curing
 n - a potion of agility
 r - 2 potions of magic
 w - 3 potions of lignification
 z - 2 potions of resistance
 E - a potion of might
 O - a potion of experience
 W - 2 potions of berserk rage
Books
 A - a book of the Dragon

   Spells                             Type                      Level
   a - Flame Tongue                   Conjuration/Fire             1
   b - Cause Fear                     Hexes                        4
   c - Bolt of Fire                   Conjuration/Fire             6
   d - Dragon Form                    Transmutation                7
   e - Dragon's Call                  Summoning                    9
Comestibles
 c - 11 bread rations
 f - 5 royal jellies
 s - 6 meat rations


   Skills:
 + Level 3.0 Fighting
 * Level 4.2 Dodging
 - Level 1.1 Stealth
 * Level 8.7 Spellcasting
 + Level 7.6 Conjurations
 + Level 7.5 Fire Magic
 - Level 3.2 Invocations


You had 13 spell levels left.
You knew the following spells:

 Your Spells              Type           Power        Failure   Level  Hunger
a - Flame Tongue          Conj/Fire      ####.        1%          1    None
b - Throw Flame           Conj/Fire      ####..       1%          2    None
c - Conjure Flame         Conj/Fire      ####....     1%          3    None
d - Sticky Flame          Conj/Fire      ####....     8%          4    None
e - Fireball              Conj/Fire      ####......   17%         5    None


Dungeon Overview and Level Annotations

Branches:
Dungeon (12/15)            Temple (1/1) D:7            Lair (0/8) D:10
    Orc (0/4) D:10

Altars:
Cheibriados
Dithmenos
Gozag
Kikubaaqudgha
Makhleb
Nemelex Xobeh
Okawaru
Qazlal
Ru
Sif Muna
Vehumet
Xom
Yredelemnul
Zin

Shops:
D:7 }   D:8 (   D:9 [


Innate Abilities, Weirdness & Mutations

You are too large for most types of armour.
You have claws for hands.
Your metabolism is lightning-fast.
You like to eat raw meat.
You heal very quickly.
You are covered in fur (AC +1).
You have very tough skin (AC +2).
You possess an exceptional clarity of mind.
Armour fits poorly on your strangely shaped body.
You passively map a small area around you.
You expend magic power (3 MP) to strengthen your wands.


Message History

Unknown command.
The white ugly thing burns!
The white ugly thing burns!
The orc wizard gestures wildly while chanting.
The orc wizard flickers and vanishes!
Deactivating autopickup; reactivate with Ctrl-A.
The white ugly thing burns!
The white ugly thing stops burning.
Unknown command.
Casting: Sticky Flame
Confirm with . or Enter, or press ? or * to list all spells.
Aiming: Sticky Flame
Press: ? - help, Shift-Dir - straight line, f/p - white ugly thing
Aim: a white ugly thing (severely wounded)
The sticky flame hits the white ugly thing.
The white ugly thing is severely wounded.
The white ugly thing is covered in liquid flames!
The white ugly thing burns!
The white ugly thing punches you.
* * * LOW HITPOINT WARNING * * *
The white ugly thing freezes you!!
You die...

#..........(.......
#.........)........
#..................
########.oo.o............#
########...#.....#######........#
...........#.....#.....#........'
...........#.....#.....'........#
...........#....u#...<.#........#
...........#....@#.....#........#
...........#.....#...).#........#
...........#..[..#.....'........#
#..###...###.....##....#.........
#..###...#........#....#..)......
.........#........#....#.........
.........#..(.....#....#.........
..<......'........#....#.........
#...######........##...##+#######


You could see a white ugly thing (burning) and 2 orcs.

Vanquished Creatures
  Josephine (D:12)
  Erolcha (D:11)
  Erica (D:7)
  An unseen horror (D:11)
  A hill giant (D:10)
  Pikel (D:5)
  3 ugly things
  A cyclops (D:11)
  Psyche (D:12)
  A komodo dragon (D:10)
  A queen bee (D:7)
  A two-headed ogre (D:9)
  A troll (D:9)
  A deep elf mage (D:12)
  15 yaks
  A trapdoor spider (D:12)
  5 wraiths
  2 wyverns
  5 hippogriffs
  3 hungry ghosts
  2 mottled dragons (D:12)
  3 ice beasts
  3 orc warriors (D:11)
  A black bear (D:5)
  3 water moccasins (D:11)
  2 phantoms (D:9)
  A slave (D:5)
  4 sky beasts
  3 centaurs
  A necrophage (D:8)
  3 big kobolds
  2 gnoll sergeants
  7 ogres
  3 giant frogs
  A brain worm (D:12)
  A water moccasin skeleton (D:9)
  A water moccasin zombie (D:5)
  6 scorpions
  17 killer bees
  4 wights (D:5)
  4 crimson imps
  4 orc priests
  3 centaur zombies
  3 jellies
  Crazy Yiuf (D:2)
  3 centaur skeletons
  3 giant frog zombies
  2 gnoll shamans (D:5)
  4 hounds
  11 orc wizards
  2 giant frog skeletons
  Natasha (thrice) (D:2)
  8 worker ants
  3 hound skeletons
  16 gnolls
  4 shadow imps
  10 adders
  2 adder zombies
  An adder skeleton (D:4)
  3 worms
  5 giant geckos
  42 orcs
  6 bats
  3 giant cockroaches
  8 goblins
  10 hobgoblins
  11 jackals
  3 quokkas
  A ball python (D:2)
  3 giant newts
  A jackal zombie (D:7)
  16 kobolds
  2 quokka zombies
  9 rats
325 creatures vanquished.

Vanquished Creatures (others)
  2 slaves (D:5)
  A phantom (D:5)
  An orc (D:5)
  3 plants (D:10)
7 creatures vanquished.

Grand Total: 332 creatures vanquished

Notes
Turn   | Place    | Note
--------------------------------------------------------------
     0 | D:1      | Stendarr the Troll Fire Elementalist began the quest for the Orb.
     0 | D:1      | Reached XP level 1. HP: 16/16 MP: 1/1
   217 | D:1      | Reached XP level 2. HP: 24/24 MP: 3/3
   536 | D:1      | Reached skill level 1 in Conjurations
   789 | D:1      | Reached XP level 3. HP: 20/31 MP: 1/5
   851 | D:2      | Noticed Natasha
   856 | D:2      | Killed Natasha
   858 | D:2      | Noticed Natasha
   873 | D:2      | Killed Natasha
   873 | D:2      | Reached XP level 4. HP: 16/39 MP: 1/6
  1106 | D:2      | Learned a level 2 spell: Throw Flame
  1174 | D:2      | Noticed Crazy Yiuf
  1364 | D:2      | Noticed Natasha
  1367 | D:2      | Killed Natasha
  1473 | D:2      | Learned a level 3 spell: Conjure Flame
  1491 | D:2      | Killed Crazy Yiuf
  1887 | D:3      | Reached XP level 5. HP: 33/45 MP: 8/8
  1988 | D:3      | Found a shadowy altar of Dithmenos.
  2001 | D:3      | Reached skill level 3 in Spellcasting
  2730 | D:4      | Reached XP level 6. HP: 53/53 MP: 10/10
  2775 | D:4      | Learned a level 4 spell: Sticky Flame
  3103 | D:5      | Entered Level 5 of the Dungeon
  3335 | D:5      | Noticed Pikel
  3403 | D:5      | Killed Pikel
  3403 | D:5      | Reached skill level 4 in Spellcasting
  3403 | D:5      | Reached XP level 7. HP: 34/59 MP: 3/12
  3664 | D:5      | Reached XP level 8. HP: 67/67 MP: 6/13
  4810 | D:5      | Got a translucent dire flail
  4811 | D:5      | Identified the +4 dire flail of the Ghost {crush, +Blink rPois rF- Int-2} (You found it on level 5 of the Dungeon)
  5126 | D:5      | Found a stormy altar of Qazlal.
  5126 | D:5      | Found a sacrificial altar of Ru.
  5401 | D:6      | Gained mutation: You passively map a small area around you. [potion of mutation]
  5401 | D:6      | Gained mutation: Armour fits poorly on your strangely shaped body. [potion of mutation]
  5401 | D:6      | Gained mutation: You possess an exceptional clarity of mind. [potion of mutation]
  5437 | D:6      | You fall through a shaft for 3 floors!
  5475 | D:9      | Reached skill level 5 in Spellcasting
  5602 | D:9      | Found Oseaff's Antique Armour Shoppe.
  5747 | D:7      | Reached XP level 9. HP: 74/74 MP: 15/15
  5760 | D:7      | Reached skill level 5 in Conjurations
  5763 | D:7      | Reached skill level 5 in Fire Magic
  6119 | D:7      | Found a staircase to the Ecumenical Temple.
  6133 | Temple   | Entered the Ecumenical Temple
  6141 | Temple   | Became a worshipper of Sif Muna the Loreminder
  6193 | D:7      | Found Recricuxt's Gadget Boutique.
  6364 | D:7      | Found a snail-covered altar of Cheibriados.
  6367 | D:7      | Found a shimmering altar of Xom.
  6377 | D:7      | Found an iron altar of Okawaru.
  6398 | D:7      | Found a radiant altar of Vehumet.
  6756 | D:8      | Noticed Erica
  6887 | D:7      | Killed Erica
  6887 | D:7      | Reached * piety under Sif Muna
  6887 | D:7      | Reached skill level 6 in Spellcasting
  6994 | D:8      | Noticed a queen bee
  7002 | D:7      | HP: 1/74 [killer bee (11)]
  7118 | D:7      | Killed a queen bee
  7216 | D:8      | Reached XP level 10. HP: 77/81 MP: 12/18
  7248 | D:8      | Reached ** piety under Sif Muna
  7381 | D:8      | Found a shimmering altar of Xom.
  7678 | D:8      | Found Vedoovumm's Weapon Shoppe.
  7706 | D:8      | Gained mutation: You expend magic power (3 MP) to strengthen your wands. [mutagenic meat]
  8590 | D:9      | Reached skill level 7 in Spellcasting
  8775 | D:9      | Noticed a red ugly thing
  8804 | D:9      | Killed a purple ugly thing
  8804 | D:9      | Reached skill level 1 in Invocations
  8859 | D:9      | Reached *** piety under Sif Muna
  9163 | D:9      | Noticed a troll
  9171 | D:9      | Killed a troll
  9737 | D:10     | Entered Level 10 of the Dungeon
  9946 | D:10     | Found a basalt altar of Yredelemnul.
 10015 | D:10     | Noticed a hill giant
 10017 | D:10     | Found a staircase to the Orcish Mines.
 10034 | D:10     | Killed a hill giant
 10187 | D:10     | Reached XP level 11. HP: 69/88 MP: 3/21
 10320 | D:10     | Reached **** piety under Sif Muna
 11038 | D:10     | Reached skill level 1 in Fighting
 11087 | D:10     | Found a staircase to the Lair.
 11380 | D:11     | Noticed Erolcha
 11419 | D:12     | Learned a level 5 spell: Fireball
 11432 | D:11     | Killed Erolcha
 11432 | D:11     | Reached skill level 8 in Spellcasting
 11699 | D:11     | Reached ***** piety under Sif Muna
 12289 | D:11     | Noticed an unseen horror
 12297 | D:11     | Killed an unseen horror
 13348 | D:12     | Reached XP level 12. HP: 100/104 MP: 17/23
 13498 | D:12     | Noticed Psyche
 13507 | D:12     | Paralysed by Psyche for 4 turns
 13512 | D:12     | Killed Psyche
 13587 | D:12     | Noticed Josephine
 13649 | D:12     | Killed Josephine
 14371 | D:12     | Mangled by a white ugly thing

Action                   |  1- 3 |  4- 6 |  7- 9 | 10-12 || total
-------------------------+-------+-------+-------+-------++-------
Melee: Unarmed           |   116 |    45 |       |       ||   161
       Quarterstaff      |       |   122 |   155 |   115 ||   392
       Dire flail        |       |       |     6 |   140 ||   146
       Scimitar          |       |       |     5 |    12 ||    17
       Staff             |       |       |       |     2 ||     2
 Cast: Flame Tongue      |    11 |     7 |   100 |   255 ||   373
       Conjure Flame     |       |     2 |    11 |    28 ||    41
       Throw Flame       |       |       |     7 |    41 ||    48
       Sticky Flame      |       |       |    14 |    74 ||    88
       Fireball          |       |       |       |     6 ||     6
Invok: Channel Energy    |       |       |     2 |    49 ||    51
 Abil: Evoke Blink       |       |       |       |     1 ||     1
Evoke: Wand              |       |       |     2 |     3 ||     5
  Use: Potion            |     1 |       |     5 |     2 ||     8
       Scroll            |       |     7 |     8 |     9 ||    24
 Stab: Sleeping          |     2 |     5 |     3 |     2 ||    12
       Distracted        |       |     1 |     1 |       ||     2
       Confused          |       |     1 |     1 |       ||     2
       Petrifying        |       |       |     1 |     1 ||     2
       Paralysed         |       |       |     1 |     1 ||     2
  Eat: Chunk             |    12 |    20 |    40 |    79 ||   151
       Pizza             |       |       |       |     4 ||     4
       Beef jerky        |       |       |       |     2 ||     2
       Fruit             |       |       |       |    12 ||    12
       Royal jelly       |       |       |       |     2 ||     2
